 Dungeon Crawl Stone Soup version 0.30-a0-358-g0d69a1922f (webtiles) character file.

Game seed: 15188878597712407840

53 holysushi the Slasher (level 3, -1/27 HPs)
             Began as a Merfolk Gladiator on Nov 9, 2022.
             Slain by a gnoll
             ... wielding a +0 whip
              (7 damage)
             ... on level 2 of the Dungeon.
             The game lasted 00:01:24 (1223 turns).

holysushi the Slasher (Merfolk Gladiator)           Turns: 1223, Time: 00:01:25

Health: -1/27      AC:  5    Str: 14    XL:     3   Next: 89%
Magic:  3/3        EV: 13    Int:  7    God:
Gold:   31         SH:  0    Dex: 17    Spells: 2/2 levels left

rFire   . . .      SeeInvis .    a - +0 long sword
rCold   . . .      Faith    .    (no shield)
rNeg    . . .      Spirit   .    b - +0 leather armour
rPois   .          Reflect  .    c - +0 helmet
rElec   .          Harm     .    (no cloak)
rCorr   .          Rampage  .    f - +0 pair of gloves
Will    .....                    (no boots)
Stlth   +.........               (no amulet)
HPRegen 0.24/turn                (no ring)
MPRegen 0.08/turn                (no ring)

@: hasted, very quick
A: (nimble swimmer 2), mertail
a: no special abilities


You were on level 2 of the Dungeon.
You visited 1 branch of the dungeon, and saw 2 of its levels.

You collected 31 gold pieces.

Inventory:

Hand Weapons
 a - a +0 long sword (weapon)
Missiles
 d - 3 throwing nets (quivered)
 e - a javelin
Armour
 b - a +0 leather armour (worn)
 c - a +0 helmet (worn)
 f - a +0 pair of gloves (worn)
Scrolls
 g - 4 scrolls of noise {unknown}
 h - 3 scrolls of identify {unknown}
 m - 2 scrolls of butterflies {unknown}
 n - a scroll of teleportation {unknown}
Potions
 k - 2 potions of might {unknown}
 l - a potion of lignification {unknown}


   Skills:
 - Level 2.1 Fighting
 * Level 5.3 Long Blades
 - Level 2.0 Throwing
 + Level 4.5 Dodging


You had 2 spell levels left.
You didn't know any spells.
Your spell library contained the following spells:

 Spells                   Type           Power      Damage    Failure   Level
 Apportation              Tloc           0%         N/A       52%         1
 Necrotise                Necr           0%         1d4       52%         1
 Summon Small Mammal      Summ           0%         N/A       52%         1


Dungeon Overview and Level Annotations

Branches:
Dungeon (2/15) Zot: 10759

Altars:


Innate Abilities, Weirdness & Mutations

((You are very nimble when in or above water. (Stealth+, EV+, Speed+++)))
Your lower body shifts to a powerful aquatic tail in water.


Message History

The hobgoblin blinks!
You blink.
The hobgoblin blinks!
The rat barely misses you. The gnoll closely misses you.
The gnoll hits you but does no damage. The hobgoblin attacks as you move away!
The hobgoblin barely misses you. The hobgoblin attacks as you move away!
The hobgoblin hits you. The gnoll attacks as you move away!
The gnoll hits you with a +0 whip.
The hobgoblin enters a dispersal trap!
The gnoll blinks! x2
The gnoll barely misses you. The gnoll completely misses you.
You hit the hobgoblin but do no damage. The hobgoblin hits you.
* * * LOW HITPOINT WARNING * * *
The hobgoblin hits you but does no damage.
The gnoll hits you from afar with a +0 spear.
* * * LOW HITPOINT WARNING * * *
The gnoll barely misses you.
You hit the hobgoblin.
The hobgoblin is heavily wounded.
The hobgoblin barely misses you. The hobgoblin closely misses you.
The gnoll barely misses you. The gnoll closely misses you.
It was a potion of haste.
You feel yourself speed up.
The hobgoblin hits you but does no damage.
The hobgoblin closely misses you. The gnoll misses you.
The gnoll hits you with a +0 whip.
* * * LOW HITPOINT WARNING * * *
It was a potion of curing.
You feel better. The hobgoblin closely misses you.
The hobgoblin hits you but does no damage.
The gnoll closely misses you. The gnoll hits you but does no damage.
You closely miss the hobgoblin.
The hobgoblin is heavily wounded.
The hobgoblin hits you but does no damage.
The hobgoblin hits you.
The gnoll hits you but does no damage. x2
You barely miss the hobgoblin.
The hobgoblin is heavily wounded.
You hit the hobgoblin.
You kill the hobgoblin!
The hobgoblin hits you.
* * * LOW HITPOINT WARNING * * *
The gnoll hits you from afar with a +0 spear.
* * * LOW HITPOINT WARNING * * *
The gnoll hits you with a +0 whip!
You die...

###### ##### #.g.g### #
#...#####.#@g..# #
#.........†##r### . ###
#........g..#...####!.#
..####......<....#.r..^..g.#
..##.................†.....#
..##............##.##.####...
................##..§.# #
#..........############
#..........#


You could see 3 gnolls, a hobgoblin and a rat.

Vanquished Creatures
  An adder (D:2)
  A gnoll (D:1)
  4 endoplasms (D:1)
  3 giant cockroaches (D:1)
  2 hobgoblins (D:2)
  5 jackals (D:1)
  2 kobolds (D:1)
  A quokka (D:1)
  2 ball pythons
  4 bats
  3 frilled lizards
  3 goblins
  5 rats
36 creatures vanquished.

Notes
Turn   | Place    | Note
-------+----------+-------------------------------------------
     0 | D:1      | holysushi the Merfolk Gladiator began the quest for the
                  | Orb.
     0 | D:1      | Reached XP level 1. HP: 16/16 MP: 1/1
     1 | D:1      | Found a runed translucent door.
   263 | D:1      | Reached skill level 4 in Long Blades
   380 | D:1      | Reached XP level 2. HP: 22/22 MP: 2/2
   870 | D:1      | Reached XP level 3. HP: 12/27 MP: 3/3
  1019 | D:2      | Reached skill level 5 in Long Blades
  1223 | D:2      | Slain by a gnoll

Illustrated notes

Levels and vault maps discovered:
D:1:      dpeg_arrival_caged_fury, layout_basic, minmay_misc_feat_diagonals,
          hangedman_decor_points
D:2:      layout_basic, basic_altar

Skill      XL: |  1  2  3 |
---------------+----------+-----
Long Blades    | 4 5 |  5.3
Fighting       | |  2.1
Throwing       | |  2.0
Dodging        | |  4.5

Action                   || total
-------------------------++-------
Melee: Long sword        ||   100
       Punch             ||     1
  Use: Potion            ||     2
 Stab: Sleeping          ||     2
Armor: Leather armour    ||    52
Dodge: Dodged            ||   121

Table legend: (Time is in decaauts)
 A = Elapsed time spent in this place.
 B = Non-inter-level travel time spent in this place.
 C = Inter-level travel time spent in this place.
 D = Time resting spent in this place.
 E = Time spent auto-exploring this place.
 F = Levels seen in this place.
 G = Mean time per level.
                   A        B        C        D        E       F      G
               +--------+--------+--------+--------+--------+-----+--------+
         Total |   1240 |   1213 |     27 |    178 |    735 |   2 |  620.0 |
       Dungeon |   1240 |   1213 |     27 |    178 |    735 |   2 |  620.0 |
               +--------+--------+--------+--------+--------+-----+--------+

Top non-repeatable levels by time:
     D:1: 1037 daAuts
     D:2: 202 daAuts
